 Dungeon Crawl Stone Soup version 0.19-a0-1254-gb9c29c0 (webtiles) character file.

27940 4thArraOfDagon the Ripper (level 13, -37/62 HPs)
             Began as a Felid Wanderer on Aug 27, 2016.
             Was the Champion of Okawaru.
             Killed from afar by a deep elf annihilator (45 damage)
             ... with a poison arrow
             ... on level 3 of the Elven Halls.
             The game lasted 01:00:45 (12662 turns).

4thArraOfDagon the Ripper (Felid Wanderer)         Turns: 12662, Time: 01:00:45

Health: -37/62     AC:  2    Str: 10    XL:     13   Next: 7%
Magic:  13/17      EV: 34    Int: 21    God:    Okawaru [******]
Gold:   1967       SH:  0    Dex: 17    Spells: 0 memorised, 12 levels left
                                        Lives:  0   Deaths: 2

rFire  + + .     SeeInvis +       - Unarmed
rCold  + + +     Gourm    .     (armour unavailable)
rNeg   . . .     Faith    +     (shield unavailable)
rPois  .         Spirit   .     (helmet unavailable)
rElec  .         Dismiss  .     (cloak unavailable)
rCorr  .         Reflect  .     (gloves unavailable)
MR     +....     Harm     .     (boots unavailable)
Stlth  +++++++++. Clarity  +    E - amulet of the Archfiend {Faith rF+ rC+ Str-5 Int+4}
                                l - +5 ring of strength
                                e - +3 ring of protection

@: lethally poisoned (-37 -> -54), heroism, finesse, corroded, quick
A: no armour, no weapons or thrown items, claws 1, fangs 3, thin skeletal
structure 1, see invisible, carnivore 3, clarity, clever 1, clumsy 1, cold
resistance 1, fire resistance 1, speed 1, low mp 2, shaggy fur 3, slow
metabolism 1, no device heal 1, subdued magic 1, sharp paws
a: Heroism, Finesse, Renounce Religion


You were on level 3 of the Elven Halls.
You worshipped Okawaru.
Okawaru was exalted by your worship.
You were full.

You visited 5 branches of the dungeon, and saw 27 of its levels.
You also visited: Ice Cave, Volcano and Desolation.

You collected 1967 gold pieces.

Inventory:

Jewellery
 e - a +3 ring of protection (left paw)
 g - an uncursed ring of protection from cold
 l - a +5 ring of strength (right paw)
 t - an uncursed ring of resist corrosion
 y - an uncursed ring of stealth
 E - the amulet of the Archfiend (around neck) {Faith rF+ rC+ Str-5 Int+4}
   (You found it on level 11 of the Dungeon)

   [amulet of faith]

   It allows you to gain divine favour quickly.
   It affects your strength (-5).
   It affects your intelligence (+4).
   It protects you from fire.
   It protects you from cold.
 J - a +1 ring of protection
Wands
 k - a wand of polymorph (11/24)
 p - a wand of paralysis (0/24)
 r - a wand of confusion (11/48)
 v - a wand of digging (1/24)
 B - a wand of iceblast (5/15)
 C - a wand of confusion (1/48)
 D - a wand of flame (15/48)
 F - a wand of polymorph (16/24)
 L - a wand of slowing (28/48)
 M - a wand of lightning (7/15)
Scrolls
 a - 4 scrolls of enchant armour
 d - 10 scrolls of remove curse
 h - 4 scrolls of recharging
 i - a scroll of fear
 j - 2 scrolls of amnesia
 n - 4 scrolls of noise
 u - 7 scrolls of teleportation
 w - a scroll of silence
Potions
 b - 2 potions of curing
 f - a potion of brilliance
 m - 3 potions of lignification
 o - a potion of agility
 q - 2 potions of degeneration
 z - 3 potions of haste
 A - a potion of flight
 I - a potion of berserk rage
 K - 2 potions of resistance
Miscellaneous
 x - a phial of floods
 N - a phantom mirror
Comestibles
 c - 6 meat rations
 s - 2 beef jerkies


   Skills:
 + Level 10.4(15.4) Fighting
 + Level 14.6(19.6) Dodging
 + Level 15.3(20.3) Stealth
 * Level 15.5(20.5) Unarmed Combat
 - Level 10.0 Invocations
 - Level 5.1 Evocations


You had 12 spell levels left.
You didn't know any spells.

Dungeon Overview and Level Annotations

Branches:
Dungeon (15/15)              Lair (6/6) D:11          Snake (0/4) Lair:3
    Orc (2/2) D:12            Elf (3/3) Orc:2        Depths (1/5) D:15
 Temple: D:4-7        Swamp: Lair:2-4    Shoals: Lair:2-4     Slime: Lair:5-6
 Vaults: D:13-14

Altars:
Gozag
Okawaru
Vehumet
Yredelemnul
Beogh

Shops:
Orc:2 (([[

Portals:
Pandemonium: Depths:1

Annotations:
D:15 exclusion: downstairs
Lair:1 exclusion: oklob plant
Lair:6 ilikecats's ghost, journeyman HOFi


Innate Abilities, Weirdness & Mutations

You cannot wear armour.
You are incapable of wielding weapons or throwing items.
You have sharp claws.
You have razor-sharp teeth.
You have supernaturally acute eyesight. (SInv)
You are carnivorous and can eat meat at any time.
You cover ground quickly.
Your thick and shaggy fur keeps you warm. (AC +3, rC+)
You have a slow metabolism.
Your sharp claws are effective at attacking unaware monsters.
You have a somewhat thin skeletal structure. (Dex +2, Stealth)
You possess an exceptional clarity of mind.
Your mind is acute. (Int +2)
You are clumsy. (Dex -2)
Your flesh is cold resistant. (rC+)
Your flesh is heat resistant. (rF+)
Your magical capacity is very low. (-20% MP)
Potions and wands are less effective at restoring your health.
Your spells are a little easier to cast, but a little less powerful.


Message History

The deep elf sorcerer is severely wounded.
Unknown command.
You scratch the deep elf sorcerer but do no damage.
The deep elf sorcerer is severely wounded.
The deep elf sorcerer gestures at you while chanting.
The bolt of acid hits you!
Ouch! That really hurt!
The acid corrodes you!
The acid burns!
* * * LOW HITPOINT WARNING * * *
Some walls begin to move on their own!
You hear a shout! x11
A deep elf annihilator comes into view. It is wielding a short sword.
Unknown command.
You mangle the deep elf sorcerer!!
You claw the deep elf sorcerer, but do no damage.
The deep elf sorcerer is almost dead.
The deep elf annihilator casts a spell at you.
The poison arrow hits you!
You are lethally poisoned!
Ouch! That really hurt!
You die...

####### ## ....e####
............
...#...#.... .e.......
..e.. # ## ####e###
.##. #.#.e.@# ....###
##..Ee## ......###
##.##.# ........# #e#
#.#
........#####.####.##
......eE?..........[.
.e........#####..###..
........#.# .(# #.#
........#.# ... .#


You could see a deep elf master archer, 2 deep elf annihilators, a deep elf
sorcerer and an earth elemental.

Vanquished Creatures
  A deep elf sorcerer (Elf:3)
  An orc warlord (Orc:2)
  A stone giant (Orc:2)
  Josephine (D:15)
  2 hydras
  2 peacekeepers (Elf:1)
  3 catoblepae
  A centaur warrior (D:14)
  A dancing weapon (Elf:2)
  A servant of whispers (Desolation)
  A deep troll earth mage (D:15)
  2 death yaks (Lair:6)
  5 orc high priests (Orc:2)
  Sonja (D:13)
  Nergalle (D:10)
  2 fire crabs
  2 unseen horrors
  7 orc knights (Orc:2)
  3 hill giants
  2 griffons
  Pikel (D:9)
  A necromancer (D:15)
  5 orc sorcerers
  5 deep elf magi
  A cyclops (D:11)
  9 ugly things
  10 slime creatures
  2 manticores
  2 black mambas
  2 ice statues (IceCv)
  2 centaur zombies
  A guardian serpent (Desolation)
  5 elephants (Lair:6)
  A naga mage (D:15)
  A gargoyle (D:12)
  5 spiny frogs
  A torpor snail (Lair:4)
  2 kobold demonologists (D:15)
  2 centaur skeletons
  2 rime drakes
  5 komodo dragons
  2 ice devils (IceCv)
  7 trolls
  2 two-headed ogres
  5 saltlings (Desolation)
  12 blink frogs
  A hornet zombie (D:14)
  A dream sheep (Lair:6)
  An air elemental (Elf:1)
  A centaur simulacrum (D:15)
  4 spriggans
  A shadow (D:12)
  2 water elementals
  5 wraiths (D:15)
  2 wyverns
  34 yaks
  5 hippogriffs
  9 fire bats
  2 hungry ghosts
  4 mottled dragons
  7 wargs
  2 soldier ants
  2 porcupines
  A water moccasin (Lair:5)
  33 orc warriors
  6 sky beasts
  2 ice beasts
  2 black bears
  An eye of draining (D:15)
  11 ogres
  3 phantoms
  9 centaurs
  5 crocodiles
  3 big kobolds (D:10)
  11 giant frogs
  6 killer bees
  5 wights (D:13)
  3 howler monkeys
  4 crimson imps
  A giant frog zombie (D:7)
  32 orc priests
  2 jellies
  Crazy Yiuf (D:2)
  A giant frog skeleton (D:9)
  2 hounds
  20 orc wizards
  3 iguanas
  6 worker ants
  A killer bee zombie (D:10)
  A hound zombie (D:8)
  A hound skeleton (D:9)
  3 worker ant zombies
  9 adders
  11 river rats
  3 shadow imps
  9 white imps (IceCv)
  9 ufetubi (IceCv)
  An ooze (D:3)
  An adder zombie (D:9)
  A worm (D:4)
  2 giant geckos
  70 orcs
  3 giant cockroaches
  A quokka (D:7)
  4 bats
  A giant gecko skeleton (D:3)
  3 giant newts
  2 goblins
  18 kobolds
  4 rats
  A plant (Lair:5)
548 creatures vanquished.

Vanquished Creatures (others)
  4 slaves (D:9)
  2 white imps (IceCv)
  2 ufetubi (IceCv)
  A quokka (D:9)
  4 fungi
  9 plants
22 creatures vanquished.

Grand Total: 570 creatures vanquished

Notes
Turn   | Place    | Note
-------+----------+-------------------------------------------
     0 | D:1      | 4thArraOfDagon the Felid Wanderer began the quest for the Orb.
     0 | D:1      | 4thArraOfDagon set off with: a scroll of teleportation, a potion of curing, a meat ration
     0 | D:1      | Reached XP level 1. HP: 11/11 MP: 2/2
   287 | D:4      | Reached XP level 2. HP: 15/15 MP: 3/3
   373 | D:3      | Found an iron altar of Okawaru.
   383 | D:3      | Became a worshipper of Warmaster Okawaru
   532 | D:2      | Found a runed door.
   536 | D:2      | Noticed Crazy Yiuf
   565 | D:2      | Killed Crazy Yiuf
   565 | D:2      | Reached XP level 3. HP: 18/18 MP: 4/4
   665 | D:3      | Reached skill level 1 in Invocations
   665 | D:3      | Reached XP level 4. HP: 21/22 MP: 5/5
   873 | D:4      | Reached * piety under Okawaru
   958 | D:5      | Entered Level 5 of the Dungeon
   984 | D:4      | Reached XP level 5. HP: 15/25 MP: 6/6
  1195 | D:6      | Noticed an orc warrior
  1294 | D:7      | Noticed a sky beast
  1302 | D:7      | Killed a sky beast
  1308 | D:7      | Gained mutation: You are covered in thick fur. (AC +2) [mutagenic meat]
  1311 | D:7      | Gained mutation: You are agile. (Dex +2) [mutagenic meat]
  1314 | D:7      | Gained mutation: Your mind is acute. (Int +2) [mutagenic meat]
  1320 | D:7      | Gained mutation: Your spells are a little easier to cast, but a little less powerful. [mutagenic meat]
  1429 | D:7      | Gained mutation: Your thick and shaggy fur keeps you warm. (AC +3, rC+) [Felid growth]
  1429 | D:7      | Reached XP level 6. HP: 25/28 MP: 5/8
  1551 | D:7      | Noticed a hippogriff
  1559 | D:7      | Killed a hippogriff
  1559 | D:7      | Reached ** piety under Okawaru
  1559 | D:7      | Reached skill level 5 in Dodging
  1559 | D:7      | Reached skill level 5 in Stealth
  1559 | D:7      | Reached XP level 7. HP: 31/32 MP: 9/9
  1605 | D:8      | Noticed a spriggan baker
  1618 | D:8      | Killed a spriggan baker
  1618 | D:8      | Reached skill level 5 in Unarmed Combat
  1725 | D:8      | Noticed a hungry ghost
  1751 | D:8      | Killed a hungry ghost
  1761 | D:8      | Found an opulent altar of Gozag.
  1788 | D:8      | Reached *** piety under Okawaru
  1788 | D:8      | Reached XP level 8. HP: 21/36 MP: 9/11
  2061 | D:9      | Noticed Pikel
  2062 | D:10     | Entered Level 10 of the Dungeon
  2099 | D:10     | timbw: jd
  2110 | D:10     | Noticed Nergalle
  2117 | D:10     | Noticed a troll
  2118 | D:10     | Noticed an unseen horror
  2128 | D:10     | timbw: welcome to 4tharra beating his own felid highscore
  2131 | D:10     | jacquesderrida: Eeeeek MANS eeeeek
  2137 | D:10     | jacquesderrida: NOICE
  2144 | D:10     | jacquesderrida: IT KOT
  2150 | D:10     | jacquesderrida: Majic kot
  2155 | D:10     | HP: 1/36 [orc wizard/magic dart (7)]
  2164 | D:10     | Killed Nergalle
  2164 | D:10     | Reached **** piety under Okawaru
  2164 | D:10     | Reached XP level 9. HP: 20/39 MP: 13/13
  2177 | D:10     | Killed a troll
  2177 | D:10     | Reached skill level 5 in Invocations
  2181 | D:10     | Killed an unseen horror
  2184 | D:10     | Reached ***** piety under Okawaru
  2230 | D:10     | timbw: oh my god
  2245 | D:10     | timbw: you actually survived that
  2248 | D:10     | 4thArraOfDagon: kote
  2328 | D:10     | 4thArraOfDagon: haha ya
  2389 | D:9      | 4thArraOfDagon: always stay positive!
  2431 | D:9      | Reached skill level 5 in Evocations
  2431 | D:9      | Reached XP level 10. HP: 42/42 MP: 12/15
  2459 | D:9      | Killed Pikel
  2748 | D:12     | Noticed a hill giant
  2764 | D:12     | Killed a hill giant
  2776 | D:12     | Lost mutation: You are agile. (Dex +2) [mutagenic meat]
  2779 | D:12     | Gained mutation: Your magical capacity is low. (-10% MP) [mutagenic meat]
  2782 | D:12     | Gained mutation: You possess an exceptional clarity of mind. [mutagenic meat]
  2785 | D:12     | Gained mutation: Your flesh is heat resistant. (rF+) [mutagenic meat]
  2788 | D:12     | Gained mutation: Potions and wands are less effective at restoring your health. [mutagenic meat]
  2838 | D:12     | Reached skill level 5 in Fighting
  2838 | D:12     | Reached skill level 10 in Stealth
  2973 | D:12     | Noticed a gargoyle
  2993 | D:12     | Killed a gargoyle
  2993 | D:12     | Reached skill level 10 in Unarmed Combat
  3033 | D:13     | Noticed a hill giant
  3044 | D:13     | Killed a hill giant
  3057 | D:13     | Noticed Sonja
  3061 | D:13     | Killed Sonja
  3061 | D:13     | Reached skill level 10 in Dodging
  3061 | D:13     | Reached XP level 11. HP: 48/48 MP: 15/15
  3207 | D:14     | Noticed a catoblepas
  3212 | D:14     | Killed a catoblepas
  3313 | D:15     | Entered Level 15 of the Dungeon
  3327 | D:15     | Gained mutation: Your flesh is cold resistant. (rC+) [mutagenic meat]
  3418 | D:15     | Noticed Josephine
  3418 | D:15     | Noticed a catoblepas
  3421 | D:15     | Killed a catoblepas
  3435 | D:15     | Killed Josephine
  3479 | D:15     | Noticed an unseen horror
  3485 | D:15     | Killed an unseen horror
  3649 | D:14     | Found a basalt altar of Yredelemnul.
  3660 | D:14     | Noticed a centaur warrior
  3688 | D:14     | Killed a centaur warrior
  3688 | D:14     | Reached ****** piety under Okawaru
  3748 | D:14     | Noticed a hill giant
  3755 | D:14     | Killed a hill giant
  4042 | D:15     | Noticed a purple ugly thing
  4051 | D:15     | Noticed a purple ugly thing
  4059 | D:15     | Killed a purple ugly thing
  4059 | D:15     | Mutation became permanent: Your thick and shaggy fur keeps you warm. (AC +3, rC+) [Felid growth]
  4059 | D:15     | Reached XP level 12. HP: 53/53 MP: 1/17
  4124 | D:15     | Gained mutation: Your magical capacity is very low. (-20% MP) [mutagenic meat]
  4130 | D:15     | Gained mutation: You are clumsy. (Dex -2) [mutagenic meat]
  4141 | D:15     | Gained mutation: You expend magic power (3 MP) to strengthen your wands. [mutagenic meat]
  4144 | D:15     | Gained mutation: You have a somewhat thin skeletal structure. (Dex +2, Stealth) [mutagenic meat]
  4575 | D:15     | Found a staircase to the Depths.
  4584 | Depths:1 | Entered Level 1 of the Depths
  4584 | Depths:1 | Found a one-way gate leading to the halls of Pandemonium.
  4584 | Depths:1 | Noticed a deep troll earth mage
  4584 | Depths:1 | Noticed a deep troll shaman
  4605 | Depths:1 | Noticed a centaur warrior
  4605 | Depths:1 | Noticed an ogre mage
  4612 | D:15     | Killed a deep troll earth mage
  5230 | D:11     | Got a brightly glowing iron amulet
  5231 | D:11     | Identified the amulet of the Archfiend {Faith rF+ rC+ Str-5 Int+4} (You found it on level 11 of the Dungeon)
  5245 | D:11     | archfiend
  5245 | D:11     | timbw: rip str
  5250 | D:11     | jacquesderrida: heh
  5275 | D:11     | jacquesderrida: archfriend lmeo
  5280 | D:11     | Found a staircase to the Lair.
  5542 | D:10     | Lost mutation: You expend magic power (3 MP) to strengthen your wands. [potion of mutation]
  5564 | D:9      | Reached XP level 13. HP: 52/58 MP: 10/16
  6531 | D:12     | Found a staircase to the Orcish Mines.
  6537 | Orc:1    | Entered Level 1 of the Orcish Mines
  6928 | Orc:1    | Found a radiant altar of Vehumet.
  7005 | Orc:2    | Entered Level 2 of the Orcish Mines
  7034 | Orc:2    | Noticed an orc warlord
  7755 | Orc:2    | Found a roughly hewn altar of Beogh.
  7813 | Orc:2    | Found a staircase to the Elven Halls.
  7818 | Orc:2    | Noticed a stone giant
  7915 | Orc:2    | Killed a stone giant
  8078 | Orc:2    | Killed an orc warlord
  8743 | Orc:2    | Reached skill level 10 in Invocations
  9311 | Orc:2    | Found Rep Were's Armour Emporium.
  9311 | Orc:2    | Found Ritzerux's Weapon Emporium.
  9312 | Orc:2    | Found Ysaareigh's Antique Armour Emporium.
  9312 | Orc:2    | Found Zafosm's Antique Weapon Shoppe.
  9496 | Lair:1   | Entered Level 1 of the Lair of Beasts
  9584 | Lair:1   | Found a dark tunnel.
  9595 | Volcano  | Entered a volcano
  9656 | Volcano  | Reached XP level 14. HP: 60/64 MP: 16/18
  9867 | Lair:2   | You fall through a shaft!
 10198 | Lair:6   | Entered Level 6 of the Lair of Beasts
 10224 | Lair:5   | Found a frozen archway.
 10254 | IceCv    | Entered an ice cave
 10362 | IceCv    | brb
 10379 | IceCv    | Noticed a reaper
 10621 | Lair:5   | HP: 2/64 [yak (16)]
 11183 | Lair:6   | Reached skill level 15 in Unarmed Combat
 11281 | Lair:6   | Noticed ilikecats's ghost (journeyman HOFi)
 11345 | Lair:6   | Reached skill level 10 in Fighting
 11387 | Lair:6   | Reached skill level 15 in Stealth
 11479 | Lair:5   | 4thArraOfDagon: no books
 11886 | Lair:3   | Found a staircase to the Snake Pit.
 12069 | Orc:2    | lets die
 12079 | Elf:1    | Entered Level 1 of the Elven Halls
 12172 | Elf:1    | Found a ruined silver gateway.
 12193 | Desolati | Entered the Desolation of Salt
 12289 | Desolati | Killed from afar by a ragged hierophant
 12290 | Desolati | Reached XP level 13. HP: -4/61 MP: 17/17
 12373 | Desolati | Demolished by a saltling
 12374 | Desolati | Reached XP level 12. HP: -21/58 MP: 16/16
 12382 | Desolati | 4thArraOfDagon: :)
 12382 | Desolati | 4thArraOfDagon: thats how you end
 12382 | Desolati | 4thArraOfDagon: with no spells
 12403 | Desolati | Noticed a peacekeeper
 12410 | Desolati | Noticed a crystal guardian
 12412 | Desolati | Noticed an imperial myrmidon
 12412 | Desolati | Noticed a servant of whispers
 12416 | Desolati | Noticed an alligator snapping turtle
 12587 | Elf:3    | Entered Level 3 of the Elven Halls
 12605 | Elf:3    | Noticed a deep elf sorcerer
 12607 | Elf:3    | Noticed a deep elf annihilator
 12614 | Elf:3    | Noticed a deep elf sorcerer
 12632 | Elf:3    | Reached XP level 13. HP: 57/62 MP: 11/17
 12638 | Elf:3    | Killed a deep elf sorcerer
 12656 | Elf:3    | Noticed a deep elf annihilator
 12656 | Elf:3    | Noticed a deep elf master archer
 12656 | Elf:3    | Noticed a deep elf sorcerer
 12657 | Elf:3    | Noticed a deep elf elementalist
 12662 | Elf:3    | Noticed a deep elf annihilator
 12662 | Elf:3    | Killed from afar by a deep elf annihilator

Vault maps used:
D:1:      sevenhm_arrival_forest_fort_large_4, roderic_lattice_a
D:2:      serial_co_window_serial, co_window_paths_b, co_window_paths_a,
          co_window_corner_a, co_window_paths_a, co_window_corner_a,
          co_window_paths_c, co_window_broadway_c, co_window_of_opportunity_c,
          co_window_unsneaky_path_b, co_window_corner_b,
          co_window_of_opportunity_c, co_window_paths_d, glass_columns_c,
          glass_columns_a, glass_columns_b, first_bread, uniq_crazy_yiuf_cottage
D:3:      okawaru_ov_weapons_minmay, uniq_robin
D:4:      minivault_19
D:5:      hangedman_decor_opposing
D:6:      serial_shops, shop
D:8:      the_bakery, nicolae_gozag_cash_rules_everything_around_me,
          uniq_prince_ribbit1
D:9:      uniq_pikel
D:10:     uniq_nergalle
D:11:     lair_0_dummy
D:12:     orc_0_dummy
D:13:     david_vaults_4, minmay_door_square, uniq_sonja
D:14:     serial_curves, eino_curves_01, eino_curves_04,
          yredelemnul_altar_generic
D:15:     grunt_enter_depths_magical_seal, uniq_josephine
Lair:1:   minmay_lair_oklob_chamber, nicolae_volcano_entry_batcave,
          serial_bayou_shore_a
Lair:2:   swamp_mist_pool, minivault_29, grunt_megastairs_5
Lair:3:   guppyfry_snake_entry_garden, columned_hall_lemuel,
          grunt_forest_large_clearings
Lair:5:   slime_altar_1, portal_ice_cave_entry_pillars_1, fungi_pond_lemuel,
          wad_woods_01
Lair:6:   hangedman_lair_in_review
Orc:1:    basic_altar, special_room
Orc:2:    st_orc_pillars, basic_altar
Elf:1:    eino_elf_arrival_sip, special_room, serial_shops, shop,
          portal_desolation_entry_twin_temple,
          einodemon_armed_red_devil_minivault, uniq_nikola, uniq_asterion
Elf:2:    serial_shops, nicolae_shop_overgrown_old_shop, nicolae_elf_w_pinch,
          bh_hangedman_babel_library
Elf:3:    minmay_elf_hall_furrowed, serial_shops, shop
Depths:1: pan_entry, hellmouth_1, abyss_entry, minmay_misc_feat_rows,
          st_stairs_5, minmay_guarded_unrand_zonguldrok
IceCv:    ice_cave_small_demon
Volcano:  volcano_caves

Skill      XL: |  1  2  3  4  5  6  7  8  9 10 11 12 13 14 |
---------------+-------------------------------------------+-----
Dodging        | 3 4 5 6 7 8 10 11 12 13 14 | 14.6
Stealth        | 3 4 5 6 7 9 10 11 12 14 15 | 15.3
Unarmed Combat | 2 3 4 5 7 8 10 11 12 14 15 | 15.5
Invocations    | 1 2 3 4 5 7 8 9 10 | 10.0
Evocations     | 3 5 |  5.1
Fighting       | 5 6 8 9 10 | 10.4

Action                   |  1- 3 |  4- 6 |  7- 9 | 10-12 | 13-15 || total
-------------------------+-------+-------+-------+-------+-------++-------
Melee: Unarmed           |    68 |    69 |   200 |   446 |  1203 ||  1986
       Bite              |     4 |     8 |    15 |    55 |    83 ||   165
       Punch             |       |       |     4 |    28 |    82 ||   114
Invok: Heroism           |       |     1 |    12 |    33 |    70 ||   116
       Finesse           |       |       |     1 |     9 |    15 ||    25
Evoke: Wand              |       |       |     8 |     6 |    29 ||    43
  Use: Scroll            |     4 |     2 |     5 |     9 |    14 ||    34
       Potion            |     3 |       |     3 |     9 |     5 ||    20
 Stab: Sleeping          |     4 |     6 |     4 |    47 |    52 ||   113
       Paralysed         |       |       |     3 |       |       ||     3
       Confused          |       |       |     5 |     2 |     7 ||    14
       Distracted        |       |       |       |     1 |     5 ||     6
  Eat: Chunk             |     6 |     8 |     4 |    30 |    17 ||    65
       Pizza             |       |       |       |       |     1 ||     1
       Beef jerky        |       |       |       |       |     1 ||     1
Armor: Skin              |    16 |     8 |    19 |    11 |    33 ||    87
Dodge: Dodged            |    54 |    44 |   218 |   249 |   755 ||  1320
